 Dungeon Crawl Stone Soup version 0.16-a0-262-g6fc725f (console) character file.

125 Kellhus the Ruinous (level 5, 31/31 HPs)
             Began as an Octopode Wizard on Aug 25, 2014.
             Quit the game on Level 3 of the Dungeon.
             The game lasted 00:02:53 (2303 turns).

Kellhus the Ruinous (Octopode Wizard)               Turns: 2303, Time: 00:02:53

HP  31/31        AC  1     Str  7      XL: 5   Next:  9%
MP   7/11        EV 12     Int 21      God:
Gold 151         SH  0     Dex 10      Spells:  1 memorised,  9 levels left

rFire  . . .     SeeInvis .     (no weapon)
rCold  . . .     Clarity  .     (no shield)
rNeg   . . .     rCorr    .     b - +0 hat
rPois  +         rRot     .     (no amulet)
rElec  .         Spirit   .     q - ring of poison resistance
SustAb .         Warding  .     (no ring)
rMut   .         Stasis   .     (no ring)
Gourm  .                        (no ring)
MR     .....                    (no ring)
                                (no ring)
                                (no ring)
                                (no ring)

@: not resistant to hostile enchantments, fairly stealthy
A: almost no armour, amphibious, 8 rings, constrict 8, camouflage 1, gelatinous
body 1
a: no special abilities


You were on level 3 of the Dungeon.
You were not hungry.

You visited 1 branch of the dungeon, and saw 3 of its levels.

You collected 151 gold pieces.

Inventory:

Hand weapons
 o - a +0 blowgun
Missiles
 r - 11 poisoned needles
Armour
 b - a +0 hat (worn)
Comestibles
 a - 3 meat rations
 d - a bread ration
Scrolls
 e - a scroll of fear {unknown}
 f - a scroll of magic mapping {unknown}
 g - a scroll of remove curse {unknown}
 h - 4 scrolls of teleportation {unknown}
 i - a scroll of enchant armour {unknown}
 l - a scroll of random uselessness {unknown}
 m - a scroll of amnesia {unknown}
 n - 3 scrolls of identify {unknown}
Jewellery
 p - an uncursed amulet of stasis
 q - a ring of poison resistance (left tentacle)
Potions
 j - 2 potions of magic {unknown}
 k - 2 potions of curing {unknown}
Books
 c - a book of Minor Magic

   Spells                             Type                      Level
   *Magic Dart                        Conjuration                  1
   Blink                              Translocation                2
   Call Imp                           Summoning                    2
   Repel Missiles                     Charms/Air                   2
   Slow                               Hexes                        2
   Conjure Flame                      Conjuration/Fire             3
   Mephitic Cloud                     Conjuration/Poison/Air       3


   Skills:
 - Level 2.0 Dodging
 - Level 2.6 Stealth
 - Level 3.0 Spellcasting
 + Level 4.7 Conjurations
   Level 1.0 Summonings
   Level 1.0 Translocations


You had 9 spell levels left.
You knew the following spells:

 Your Spells              Type           Power        Failure   Level  Hunger
a - Magic Dart            Conj           ###.         1%          1    None


Dungeon Overview and Level Annotations

Branches:
Dungeon (3/15)

Altars:


Innate Abilities, Weirdness & Mutations

You cannot wear most types of armour.
You are amphibious.
You can wear up to eight rings at the same time.
You can use your tentacles to constrict many enemies at once.
Your skin changes colour to match your surroundings (Stealth).
Your rubbery body absorbs attacks (AC +1).


Message History

The adder is heavily wounded.
Casting: Magic Dart
Confirm with . or Enter, or press ? or * to list all spells.
Aiming: Magic Dart
Press: ? - help, Shift-Dir - straight line, f/p - adder
Aim: an adder (heavily wounded)
The magic dart hits the adder.
The adder is severely wounded.
Casting: Magic Dart
Confirm with . or Enter, or press ? or * to list all spells.
Aiming: Magic Dart
Press: ? - help, Shift-Dir - straight line, f/p - adder
Aim: an adder (severely wounded)
The magic dart hits the adder.
You kill the adder!
You have reached level 5!
You feel stronger.
Casting: Magic Dart
Confirm with . or Enter, or press ? or * to list all spells.
You can't see any susceptible monsters within range! (Use Z to cast anyway.) Are you sure you want to abandon this character and quit the game? (Confirm with "yes".)

.. #.# #.#
.##
#.#####.# #
#.%...#.#
#####.#.#
#...#
####..##
#....%.#
#..####.#
#...
#@########
#.#
#.#......##
#.........##
#.%........#
#..........#
#...>..%...#
#..(....[..#
##....%..<##
##......##


There were no monsters in sight!

Vanquished Creatures
  5 adders
  A giant mite (D:2)
  A worm (D:2)
  An ooze (D:1)
  4 orcs (D:3)
  9 bats
  2 giant cockroaches
  5 hobgoblins
  5 jackals
  4 kobolds
  A quokka (D:2)
  3 ball pythons
  4 giant newts
  8 goblins
  3 rats
56 creatures vanquished.

Notes
Turn   | Place    | Note
--------------------------------------------------------------
     0 | D:1      | Kellhus, the Octopode Wizard, began the quest for the Orb.
     0 | D:1      | Reached XP level 1. HP: 11/11 MP: 4/4
   131 | D:1      | Reached XP level 2. HP: 17/17 MP: 1/6
   696 | D:2      | Reached XP level 3. HP: 21/21 MP: 3/7
  1257 | D:2      | Reached XP level 4. HP: 27/27 MP: 5/9
  1774 | D:2      | Reached skill level 4 in Conjurations
  2302 | D:3      | Reached XP level 5. HP: 31/31 MP: 7/11
  2303 | D:3      | Quit the game

Action                   |  1- 3 |  4- 6 || total
-------------------------+-------+-------++-------
Melee: Unarmed           |     9 |     3 ||    12
 Cast: Magic Dart        |    71 |    78 ||   149
  Eat: Chunk             |     1 |     3 ||     4
